 Dungeon Crawl Stone Soup version 0.29.1-12-g30fa7ad0bf (webtiles) character file.

Game seed: 16995402817460030695

1003 RapScallion the Cleaver (level 8, -12/68 HPs)
             Began as a Hill Orc Fighter on Jan 19, 2023.
             Mangled by Erolcha
             ... wielding a +0 giant club
              (35 damage)
             ... on level 9 of the Dungeon.
             The game lasted 00:18:11 (6249 turns).

RapScallion the Cleaver (Hill Orc Fighter)          Turns: 6249, Time: 00:18:11

Health: -12/68     AC: 17    Str: 23    XL:     8   Next: 20%
Magic:  8/8        EV:  8    Int:  8    God:
Gold:   291        SH:  5    Dex: 10    Spells: 7/7 levels left

rFire   . . .      SeeInvis .   s - +4 mace
rCold   . . .      Faith    .   c - +1 buckler
rNeg    . . .      Spirit   .   p - +2 chain mail {Will+}
rPois   .          Reflect  .   h - +0 helmet
rElec   .          Harm     .   (no cloak)
rCorr   .          Rampage  +   d - +1 pair of gloves
Will    +....                   u - +1 pair of boots "Veatuk" {Rampage Str+2}
Stlth   ..........              (no amulet)
HPRegen 0.21/turn               (no ring)
MPRegen 0.11/turn               (no ring)

@: no status effects
A: no striking features
a: no special abilities


You were on level 9 of the Dungeon.
You visited 1 branch of the dungeon, and saw 8 of its levels.

You collected 291 gold pieces.

Inventory:

Hand Weapons
 a - a +1 war axe
 b - a +0 whip of flaming
 s - a +4 mace (weapon)
 t - a +2 halberd of protection
Missiles
 v - a throwing net (quivered)
Armour
 c - a +1 buckler (worn)
 d - a +1 pair of gloves (worn)
 h - a +0 helmet (worn)
 p - a +2 chain mail of willpower (worn)
 u - the +1 pair of boots "Veatuk" (worn) {Rampage Str+2}
   (You found it on level 5 of the Dungeon)

   Str:       It affects your strength (+2).
   Rampage:   It bestows one free step when moving towards enemies.
Scrolls
 e - a scroll of enchant weapon
 f - 2 scrolls of teleportation
 n - a scroll of immolation
Potions
 i - 3 potions of degeneration
 j - 2 potions of heal wounds
 k - 2 potions of flight
 l - 2 potions of lignification
 m - 3 potions of curing
 o - 2 potions of cancellation
 q - a potion of mutation
 r - a potion of brilliance
 w - a potion of haste {unknown}


   Skills:
 + Level 5.3 Fighting
 + Level 1.5 Short Blades
 + Level 8.0 Axes
 + Level 5.6 Armour
 + Level 2.1 Dodging
 + Level 0.5 Stealth
 + Level 4.6 Shields


You had 7 spell levels left.
You didn't know any spells.
Your spell library contained the following spells:

 Spells                   Type           Power      Damage    Failure   Level
 Apportation              Tloc           0%         N/A       99%         1
 Foxfire                  Conj/Fire      0%         2x1d4     99%         1
 Necrotise                Necr           0%         1d4       99%         1
 Summon Small Mammal      Summ           0%         N/A       99%         1
 Sublimation of Blood     Necr           0%         N/A       99%         2
 Wereblood                Tmut           0%         N/A       99%         2
 Conjure Flame            Conj/Fire      0%         6-21      100%        3
 Inner Flame              Hex/Fire       0%         N/A       100%        3
 Flame Wave               Conj/Fire      0%         2d4       100%        4
 Summon Hydra             Summ           0%         N/A       100%        7


Dungeon Overview and Level Annotations

Branches:
Dungeon (10/15)
 Temple: D:4-7         Lair: D:8-11         Orc: D:9-12

Altars:
Gozag
Qazlal
Sif Muna

Shops:
D:3 *   D:5 *

Annotations:
D:5 3 runed translucent doors, mampy3000's ghost, novice MiBe
D:9 Erolcha


Message History

The centaur shoots an arrow.
You block the arrow.
You climb downwards.
Reactivating autopickup.
Found 10 gold pieces.
Found an escape hatch in the floor.
There is a stone staircase leading up here.
You climb upwards.
Level annotation: Erolcha The centaur shoots an arrow. x2; The arrow hits you but does no damage.
There is a stone staircase leading down here.
You can't go up here!
The centaur shoots an arrow.
The arrow hits you.
You climb downwards.
There is a stone staircase leading up here.
You start resting.
HP restored.
s - a +4 mace (weapon)
There are no items here.
As you read the scroll labelled ALAPYL NEFUME, it crumbles to dust.
You hear a loud clanging noise!
It was a scroll of noise.
You hear a shout! x8; You hear a bellow!
You hear a shout!
You hear a bellow! x2
You hear a shout!
You hear a bellow!
You hear a shout! x2
You climb upwards.
Level annotation: Erolcha The centaur shoots an arrow.
The arrow hits you.
The centaur shoots an arrow.
The arrow hits you.
Erolcha points at you and mumbles some strange words.
The fireball explodes!
The fireball engulfs you!
The centaur shoots an arrow.
The arrow hits you but does no damage.
There is a stone staircase leading down, spattered with blood here.
You rampage towards Erolcha!
You hit Erolcha but do no damage.
Erolcha gestures wildly while chanting.
Erolcha flickers and vanishes!
Deactivating autopickup; reactivate with Ctrl-A.
The centaur shoots an arrow.
You hit something. Something hits you!!
You hit something but do no damage.
The centaur shoots an arrow.
Something hits you!!
Ouch! That really hurt!
You die...

#......# #......#
#......+ #......#
#......# #......###
#......# #.........
+......#
###+##.........
#......#
#...............
#......#
+...............
#......#
#.>...#########
#......# #.@...#
#......# ##.{...#
#......# #......#
#......# #c.....#
#......# #......#
#......####......##
#................≈...
#..........≈.§§≈.....
#.....§§...).§≈§≈.....


You could see a centaur.

Vanquished Creatures
  An ice beast (D:5)
  A black bear (D:5)
  An ogre (D:4)
  A phantom (D:4)
  Blork the orc (D:5)
  A bullfrog (D:9)
  A necrophage (D:5)
  A scorpion (D:5)
  2 hounds
  3 jellies
  2 iguanas (D:5)
  2 orc wizards (D:4)
  5 adders
  2 ufetubi (D:5)
  2 worms
  3 dart slugs
  9 orcs (D:4)
  5 bats
  7 endoplasms
  3 giant cockroaches
  11 goblins
  7 hobgoblins
  4 jackals (D:5)
  11 kobolds
  5 quokkas
  9 ball pythons
  2 frilled lizards (D:2)
  5 rats
107 creatures vanquished.

Vanquished Creatures (others)
  A plant (D:2)
1 creature vanquished.

Grand Total: 108 creatures vanquished

Notes
Turn   | Place    | Note
-------+----------+-------------------------------------------
     0 | D:1      | RapScallion the Hill Orc Fighter began the quest for the
                  | Orb.
     0 | D:1      | Reached XP level 1. HP: 19/19 MP: 1/1
   301 | D:1      | Reached XP level 2. HP: 9/27 MP: 2/2
   899 | D:1      | Reached skill level 3 in Axes
   906 | D:1      | Reached XP level 3. HP: 25/33 MP: 3/3
  1203 | D:1      | Found a faded altar of an unknown god.
  1889 | D:2      | Reached skill level 1 in Short Blades
  2015 | D:2      | Reached XP level 4. HP: 38/40 MP: 4/4
  2993 | D:3      | Found Doukirho's General Store.
  3190 | D:4      | Noticed an ogre
  3210 | D:4      | Reached XP level 5. HP: 38/46 MP: 5/5
  3215 | D:4      | Killed an ogre
  3216 | D:4      | Reached skill level 4 in Axes
  3216 | D:4      | Reached skill level 1 in Dodging
  3662 | D:4      | Reached skill level 5 in Axes
  3662 | D:4      | Reached XP level 6. HP: 50/53 MP: 6/6
  4354 | D:4      | Reached XP level 7. HP: 39/60 MP: 7/7
  4569 | D:5      | Entered Level 5 of the Dungeon
  4599 | D:5      | Reached skill level 6 in Axes
  4682 | D:5      | Found Coufem's Elemental Accessories.
  4696 | D:5      | Reached skill level 5 in Armour
  4774 | D:5      | Reached skill level 5 in Fighting
  4774 | D:5      | Reached skill level 7 in Axes
  5342 | D:5      | Noticed Blork the orc
  5357 | D:5      | Killed Blork the orc
  5358 | D:5      | Reached XP level 8. HP: 18/68 MP: 8/8
  5601 | D:5      | Found a runed translucent gate.
  5601 | D:5      | Found an opulent altar of Gozag.
  5601 | D:5      | Found a runed translucent gate.
  5602 | D:5      | Found a runed translucent gate.
  5604 | D:5      | Noticed mampy3000's ghost (novice MiBe)
  5702 | D:5      | Identified the +1 pair of boots "Veatuk" {Rampage Str+2}
  5823 | D:5      | Found a shimmering blue altar of Sif Muna.
  6024 | D:6      | You fall into a shaft and drop 3 floors!
  6039 | D:9      | Reached skill level 8 in Axes
  6076 | D:9      | Found a stormy altar of Qazlal.
  6129 | D:9      | Noticed Erolcha
  6143 | D:10     | Entered Level 10 of the Dungeon
  6249 | D:9      | Mangled by Erolcha

Illustrated notes

Levels and vault maps discovered:
D:1:      eino_arrival_cavern_a, layout_rooms, nicolae_ecumenical_lake_church
D:2:      layout_loops_ring, serial_forest, infiniplex_forest_lined_room_3,
          infiniplex_forest_clump_large, infiniplex_forest_lined_2,
          infiniplex_forest_3_way, infiniplex_forest_clump_tiny,
          infiniplex_forest_clump_diagonal, infiniplex_forest_clump_C,
          kennysheep_generic_room_16
D:3:      layout_loops_ring, serial_shops, shop_fountains,
          hangedman_decor_growths
D:4:      nicolae_BIG_FREAKIN_CUBE, layout_loops_ring
D:5:      layout_basic, nicolae_sif_muna_little_library, ebering_ghost_gozag,
          nicolae_elemental_shop, uniq_blork_the_orc
D:6:      layout_basic, lemuel_coloured_pillars_altar,
          mainiacjoe_overflow_small_starburst, mainiacjoe_overflow_alcove_2,
          uniq_maggie
D:9:      layout_gridville, nicolae_qazlal_general_emergency, billiards_dpeg,
          uniq_erolcha
D:10:     layout_rooms, minmay_librarian, uniq_maurice, uniq_erica

Skill      XL: |  1  2  3  4  5  6  7  8 |
---------------+-------------------------+-----
Axes           | 3 5 7 8 |  8.0
Fighting       | 4 5 |  5.3
Short Blades   | 1 |  1.5
Armour         | 4 5 |  5.6
Dodging        | 1 2 |  2.1
Shields        | 4 |  4.6
Stealth        | |  0.5

Action                   |  1- 3 |  4- 6 |  7- 9 || total
-------------------------+-------+-------+-------++-------
Melee: Dagger            |   110 |    20 |       ||   130
       War axe           |     5 |   125 |    74 ||   204
       Mace              |       |       |     3 ||     3
  Use: Scroll            |       |     9 |     8 ||    17
       Potion            |       |     1 |       ||     1
Armor: Scale mail        |    55 |    58 |       ||   113
       Chain mail        |       |    31 |    53 ||    84
Dodge: Dodged            |    57 |    73 |    37 ||   167
Block: Buckler           |    24 |    40 |    21 ||    85
